 Dungeon Crawl Stone Soup version 0.27-a0-1277-g3808f8b1c9 (webtiles) character file.

Game seed: 9615535838129353680

40954 Glokmah the Impaler (level 13, -8/127 HPs)
             Began as a Minotaur Hunter on June 12, 2021.
             Was the Champion of Okawaru.
             Killed from afar by a lindwurm (34 damage)
             ... with a blast of flame
             ... on level 6 of the Lair of Beasts.
             The game lasted 00:33:25 (17849 turns).

Glokmah the Impaler (Minotaur Hunter)              Turns: 17849, Time: 00:33:25

Health: -8/127     AC: 22    Str: 22    XL:     13   Next: 77%
Magic:  18/18      EV: 14    Int:  8    God:    Okawaru [******]
Gold:   2200       SH:  0    Dex: 20    Spells: 12/12 levels left

rFire    . . .     SeeInvis .   a - +13 scythe of Curses {drain, Drain}
rCold    . . .     Faith    +   (shield currently unavailable)
rNeg     . . .     Spirit   .   l - +4 chain mail
rPois    .         Reflect  .   n - +0 hat of the Heavens {Harm}
rElec    .         Harm     +   v - +0 cloak
rCorr    .         Rampage  .   E - +1 pair of gloves {Dex+3}
Will     +....                  I - +0 pair of boots {Fly}
Stlth    ..........             R - amulet of faith
HPRegen  0.31/turn              m - +6 ring of strength
MPRegen  0.16/turn              p - ring of willpower

@: lethally poisoned (-8 -> -9), heroic, marked, flying
A: horns 2, retaliatory headbutt
a: Renounce Religion, Heroism, Finesse


You were on level 6 of the Lair of Beasts.
You worshipped Okawaru.
Okawaru was exalted by your worship.
You visited 2 branches of the dungeon, and saw 14 of its levels.

You collected 2200 gold pieces.

Inventory:

Hand Weapons
 a - the +13 scythe of Curses (weapon) {drain, Drain}
   (You found it on level 3 of the Lair of Beasts)

   A truly terrible weapon, it drains the life of those it strikes.
   It drains your maximum health when unequipped.
 b - a +6 glaive of flaming
Missiles
 d - a throwing net
 g - 4 boomerangs (quivered)
 h - 63 poisoned darts
 j - 10 javelins
 r - 401 stones
 H - 6 datura-tipped darts
 K - 8 curare-tipped darts
 M - 12 silver javelins
Armour
 l - a +4 chain mail (worn)
 n - the +0 hat of the Heavens (worn) {Harm}
   (You acquired it on level 8 of the Dungeon)

   It increases damage dealt and taken.
 v - a +0 cloak (worn)
 y - a +0 kite shield
 E - a +1 pair of gloves of dexterity (worn)
 I - a +0 pair of boots of flying (worn)
 J - a +0 tower shield
Jewellery
 k - a ring of willpower
 m - a +6 ring of strength (left hand)
 p - a ring of willpower (right hand)
 A - a +4 ring of evasion
 Q - a +6 ring of dexterity
 R - an amulet of faith (around neck)
Wands
 o - a wand of iceblast (16)
 x - a wand of acid (8)
 F - a wand of paralysis (18)
 O - a wand of digging (8)
 U - a wand of flame (27)
Scrolls
 e - 2 scrolls of enchant weapon
 i - 12 scrolls of teleportation
 t - a scroll of magic mapping
 G - 2 scrolls of blinking
 S - a scroll of summoning
 T - a scroll of silence
 V - a scroll of identify
Potions
 c - 2 potions of magic
 f - 2 potions of flight {unknown}
 q - 2 potions of berserk rage
 s - a potion of degeneration {unknown}
 u - 4 potions of ambrosia {unknown}
 w - a potion of invisibility {unknown}
 z - 2 potions of lignification {unknown}
 B - 4 potions of cancellation {unknown}
 C - 2 potions of curing
 D - a potion of mutation {unknown}
 L - a potion of attraction {unknown}
 N - a potion of resistance {unknown}
 P - 3 potions of might {unknown}


   Skills:
 + Level 15.3(20.3) Fighting
 * Level 15.5(20.5) Polearms
 + Level 11.3(16.3) Throwing
 - Level 8.0(13.0) Armour
 - Level 5.0(10.0) Dodging
 - Level 0.7(5.7) Stealth
 - Level 9.1(14.1) Shields
 - Level 8.0 Invocations


You had 12 spell levels left.
You didn't know any spells.
Your spell library contained the following spells:

 Spells                   Type           Power      Damage    Failure   Level
 Freeze                   Ice            0%         1d3       92%         1
 Magic Dart               Conj           0%         1d3       92%         1
 Poisonous Vapours        Pois/Air       0%         N/A       98%         2
 Searing Ray              Conj           0%         3d3       98%         2
 Confusing Touch          Hex            0%         N/A       100%        3
 Conjure Flame            Conj/Fire      0%         6-21      100%        3
 Dazzling Flash           Conj/Hex       0%         N/A       100%        3
 Frozen Ramparts          Ice            0%         1d2       100%        3
 Gell's Gravitas          Tloc           0%         N/A       100%        3
 Mephitic Cloud           Conj/Pois/Air  0%         N/A       100%        3
 Ozocubu's Armour         Ice            0%         N/A       100%        3
 Fulminant Prism          Conj/Hex       0%         3d6       100%        4
 Hailstorm                Conj/Ice       0%         3d3       100%        4
 Iskenderun's Mystic Bla  Conj/Tloc      0%         2d3       100%        4
 Petrify                  Tmut/Erth      0%         N/A       100%        4
 Freezing Cloud           Conj/Ice/Air   0%         6-21      100%        5
 Metabolic Englaciation   Hex/Ice        0%         N/A       100%        5
 Yara's Violent Unravell  Hex/Tmut       0%         3d3       100%        5


Dungeon Overview and Level Annotations

Branches:
Dungeon (8/15)             Temple (0/1) D:6            Lair (6/6) D:8
  Swamp (0/4) Lair:2       Spider (0/4) Lair:3
  Slime: Lair:5-6

Altars:
Okawaru
Ru
Vehumet
Wu Jian


Innate Abilities, Weirdness & Mutations

You have a pair of horns on your head.
You reflexively headbutt those who attack you in melee.


Message History

Okawaru grants you ammunition!
You feel very sick.
A blink frog comes into view.
You slash the polar bear! You drain the polar bear.
You headbutt the polar bear, but do no damage.
The polar bear is moderately wounded.
You feel sick.
The polar bear bites you but does no damage.
The polar bear misses you. The polar bear barely misses you.
A blink frog comes into view.
You slice the polar bear!! You drain the polar bear.
You kill the polar bear!
Okawaru accepts your kill.
You feel very sick.
The blink frog blinks!
Unknown command.
You feel sick.
You feel sick.
You feel sick.
You are too injured to fight recklessly!
You are too injured to fight recklessly!
You slice the endoplasm!!
You kill the endoplasm!
You feel sick.
The blink frog blinks!
You slice the blink frog!!
You kill the blink frog!
Okawaru accepts your kill.
You hit the blink frog. You drain the blink frog. You headbutt the blink frog.
The blink frog is moderately wounded.
You feel sick. The blink frog hits you.
* * * LOW HITPOINT WARNING * * *
The blink frog blinks!
A lindwurm comes into view.
You slice the blink frog!!
You kill the blink frog!
Okawaru accepts your kill.
You feel sick. The lindwurm breathes flames at you.
The blast of flame hits you!!
You die...

##### ### # ..#.#
###.####### .#
.#..#####...P.P.#.#.#..#
................†k.....F
...............[(##.
#.....####..##.†@#
......# #####..##
##...## #.P/## ##....#
#.... #....### ##...
#....#.# ##.## .#....##
... #.$.. ##.....# #.P
....## #.....## ..$..


You could see a lindwurm (catching breath).

Vanquished Creatures
  The ghost of Fahonk the Grappler, a journeyman DrTm of Yredelemnul (Lair:3)
  The ghost of Gilette the Cleaver, a journeyman DsCK of Xom (Lair:3)
  The ghost of Disaer the Grappler, a journeyman TrMo of Jiyva (Lair:3)
  6 hydras
  A boulder beetle (Lair:5)
  9 death yaks
  A deep elf pyromancer (D:8)
  An ugly thing (D:8)
  14 elephants
  3 black mambas
  6 cane toads
  A rime drake (Lair:2)
  A komodo dragon (Lair:3)
  2 polar bears (Lair:6)
  4 jumping spiders (Lair:3)
  A hornet (D:5)
  13 blink frogs
  12 dream sheep
  7 redbacks (Lair:3)
  4 wyverns
  30 yaks
  2 steam dragons
  4 basilisks
  2 wargs (D:8)
  9 water moccasins
  4 black bears
  4 orc warriors
  An ice beast (D:8)
  A sky beast (D:7)
  16 wolves (Lair:3)
  7 ogres
  2 centaurs (D:8)
  A phantom (D:5)
  2 kobold brigands (D:7)
  14 bullfrogs
  A scorpion (D:4)
  A wyvern zombie (D:7)
  A wyvern skeleton (D:6)
  12 killer bees (D:8)
  2 electric eels (Lair:4)
  4 howler monkeys
  2 centaur zombies
  A hound (D:6)
  3 jellies
  3 orc priests
  Crazy Yiuf (D:3)
  2 iguanas
  Ijyb (D:4)
  10 orc wizards
  5 gnolls
  A howler monkey skeleton (D:5)
  2 adders
  A white imp (D:6)
  2 ufetubi
  4 worms
  An adder skeleton (D:4)
  2 dart slugs
  27 orcs
  9 ball pythons
  6 endoplasms
  2 giant cockroaches
  5 goblins
  3 hobgoblins
  9 jackals
  3 quokkas
  4 bats
  4 frilled lizards
  20 kobolds
  9 rats
351 creatures vanquished.

Vanquished Creatures (others)
  3 yaks (Lair:6)
  A kobold brigand (D:8)
  An orc wizard (D:7)
  25 fungi
  33 plants
  A withered plant (Lair:3)
64 creatures vanquished.

Grand Total: 415 creatures vanquished

Notes
Turn   | Place    | Note
-------+----------+-------------------------------------------
     0 | D:1      | Glokmah the Minotaur Hunter began the quest for the Orb.
     0 | D:1      | Reached XP level 1. HP: 18/18 MP: 0/0
   215 | D:1      | Reached XP level 2. HP: 12/25 MP: 1/1
   223 | D:1      | Reached skill level 1 in Armour
   661 | D:1      | Reached XP level 3. HP: 31/31 MP: 2/2
   993 | D:2      | Found a radiant altar of Vehumet.
  1205 | D:2      | Reached XP level 4. HP: 38/38 MP: 3/3
  1210 | D:2      | Reached skill level 5 in Throwing
  2066 | D:3      | Found an iron altar of Okawaru.
  2076 | D:3      | Became a worshipper of Warmaster Okawaru
  2393 | D:3      | Found a runed translucent door.
  2394 | D:3      | Noticed Crazy Yiuf
  2407 | D:3      | Killed Crazy Yiuf
  2408 | D:3      | Reached XP level 5. HP: 35/46 MP: 4/4
  2894 | D:4      | Noticed Ijyb
  2897 | D:4      | Killed Ijyb
  2898 | D:4      | Reached skill level 1 in Polearms
  2922 | D:4      | Noticed an ogre
  2932 | D:4      | Noticed an ogre
  2983 | D:4      | Reached XP level 6. HP: 52/52 MP: 5/5
  3227 | D:4      | Reached * piety under Okawaru
  3228 | D:4      | Reached skill level 1 in Invocations
  3245 | D:4      | Found an ornate altar of the Wu Jian Council.
  3310 | D:4      | Noticed a water moccasin
  3316 | D:4      | Killed a water moccasin
  3327 | D:4      | Reached XP level 7. HP: 29/60 MP: 7/7
  3764 | D:5      | Entered Level 5 of the Dungeon
  3764 | D:5      | Noticed a hornet
  4060 | D:5      | Killed a hornet
  4061 | D:5      | Reached skill level 5 in Fighting
  4306 | D:5      | Reached skill level 5 in Polearms
  4306 | D:5      | Reached XP level 8. HP: 67/69 MP: 8/8
  4343 | D:5      | Reached ** piety under Okawaru
  5005 | D:6      | Reached skill level 5 in Armour
  5216 | D:6      | Found a staircase to the Ecumenical Temple.
  5501 | D:6      | Reached skill level 1 in Shields
  7144 | D:7      | Reached XP level 9. HP: 78/78 MP: 10/10
  7249 | D:7      | Reached *** piety under Okawaru
  7949 | D:7      | Found a sacrificial altar of Ru.
  8173 | D:8      | Identified 3 scrolls of acquirement
  8173 | D:8      | Acquired a manual of Fighting
  8176 | D:8      | Acquired the +0 hat of the Heavens {Harm}
  8182 | D:8      | Acquired 611 gold pieces
  8423 | D:8      | Reached **** piety under Okawaru
  9005 | D:8      | Reached skill level 5 in Invocations
  9005 | D:8      | Reached XP level 10. HP: 88/88 MP: 12/12
  9170 | D:8      | Found a staircase to the Lair.
  9515 | D:8      | Noticed a purple ugly thing
  9516 | D:8      | Noticed a deep elf pyromancer
  9529 | D:8      | Killed a purple ugly thing
  9534 | D:8      | Killed a deep elf pyromancer
  9777 | Lair:1   | Entered Level 1 of the Lair of Beasts
  9894 | Lair:1   | Noticed a cane toad
  9904 | Lair:1   | Killed a cane toad
  9972 | Lair:1   | Noticed a cane toad
  9977 | Lair:1   | Killed a cane toad
  9977 | Lair:1   | Reached ***** piety under Okawaru
  9977 | Lair:1   | Received a gift from Okawaru
  9978 | Lair:1   | Reached skill level 5 in Shields
 10158 | Lair:1   | Reached skill level 10 in Polearms
 10337 | Lair:1   | Noticed a six-headed hydra
 10343 | Lair:1   | Killed a six-headed hydra
 10482 | Lair:1   | Received a gift from Okawaru
 10644 | Lair:2   | Found a staircase to the Swamp.
 10667 | Lair:2   | Reached XP level 11. HP: 96/99 MP: 14/14
 10690 | Lair:2   | Received a gift from Okawaru
 10698 | Lair:2   | Reached skill level 10 in Fighting
 12187 | Lair:3   | Noticed a five-headed hydra
 13146 | Lair:3   | Killed a five-headed hydra
 13287 | Lair:3   | Found a hole to the Spider Nest.
 13301 | Lair:3   | Received a gift from Okawaru
 13310 | Lair:3   | Reached XP level 12. HP: 87/110 MP: 16/16
 13648 | Lair:3   | Received a gift from Okawaru
 13714 | Lair:3   | Found a runed translucent gate.
 13714 | Lair:3   | Found a runed translucent gate.
 13714 | Lair:3   | Found a runed translucent gate.
 13718 | Lair:3   | Noticed Gilette's ghost (journeyman DsCK)
 13718 | Lair:3   | Noticed Disaer's ghost (journeyman TrMo)
 13718 | Lair:3   | Noticed Fahonk's ghost (journeyman DrTm)
 13721 | Lair:3   | Found the +13 scythe of Curses {drain, Drain}
 13730 | Lair:3   | Killed Disaer's ghost
 13749 | Lair:3   | Killed Gilette's ghost
 13757 | Lair:3   | Killed Fahonk's ghost
 13788 | Lair:3   | Acquired 811 gold pieces
 14250 | Lair:3   | Received a gift from Okawaru
 14280 | Lair:3   | Reached ****** piety under Okawaru
 14622 | Lair:4   | Reached skill level 5 in Dodging
 14765 | Lair:4   | Noticed a death yak
 14765 | Lair:4   | Noticed a death yak
 14767 | Lair:4   | Noticed a death yak
 14768 | Lair:4   | Noticed a death yak
 14785 | Lair:4   | Noticed a death yak
 14796 | Lair:4   | Killed a death yak
 14803 | Lair:4   | Killed a death yak
 14804 | Lair:4   | Killed a death yak
 14805 | Lair:4   | Reached skill level 10 in Throwing
 14806 | Lair:4   | Killed a death yak
 14809 | Lair:4   | Killed a death yak
 15153 | Lair:4   | Noticed a six-headed hydra
 15156 | Lair:4   | Killed a six-headed hydra
 15156 | Lair:4   | Received a gift from Okawaru
 16015 | Lair:5   | Noticed a death yak
 16020 | Lair:5   | Noticed a death yak
 16022 | Lair:5   | Noticed a death yak
 16024 | Lair:5   | Noticed a death yak
 16026 | Lair:5   | Killed a death yak
 16027 | Lair:5   | Reached XP level 13. HP: 123/123 MP: 18/18
 16614 | Lair:5   | Received a gift from Okawaru
 17186 | Lair:6   | Entered Level 6 of the Lair of Beasts
 17290 | Lair:6   | Reached skill level 15 in Fighting
 17293 | Lair:6   | Reached skill level 15 in Polearms
 17840 | Lair:6   | Received a gift from Okawaru
 17849 | Lair:6   | Killed from afar by a lindwurm

Illustrated notes

Levels and vault maps discovered:
D:1:      dpeg_arrival_three_bigger_balls, layout_rooms, minmay_vboxes
D:2:      layout_basic, basic_altar
D:3:      layout_loops_ring, nicolae_overflow_crystal_walls,
          small_statue_alley_b, uniq_crazy_yiuf_cottage
D:4:      layout_basic, lemuel_coloured_pillars_altar, hex_intersection,
          uniq_ijyb
D:5:      layout_basic
D:6:      layout_layer_cave, minmay_temple_entry_tees
D:7:      layout_basic, kennysheep_mini
D:8:      minmay_blocky_corners, layout_basic, erik_lair_orcish_takeover,
          st_stairs_3
Lair:1:   layout_long_grid, lemuel_fruit_fields
Lair:2:   layout_hall_layers, swamp_mist_pool
Lair:3:   layout_hall_layers, nicolae_spider_entry_tight_spaces,
          gammafunk_ghost_cemetery, fungi_pond_lemuel,
          chequers_serial_rivers_micro_b
Lair:4:   layout_regular_city, chequers_serial_rivers_room_b,
          serial_bayou_shore_a
Lair:5:   beast_lair_carwin_large_2, layout_misc_corridors
Lair:6:   evil_forest, layout_long_grid, nicolae_slime_entry_slimehenge

Skill      XL: |  1  2  3  4  5  6  7  8  9 10 11 12 13 |
---------------+----------------------------------------+-----
Armour         | 1 2 3 4 5 6 8 |  8.0
Fighting       | 3 4 5 6 8 9 11 13 15 | 15.3
Throwing       | 5 6 7 8 9 10 11 | 11.3
Polearms       | 1 3 5 7 8 10 12 13 15 | 15.5
Invocations    | 1 2 3 5 6 7 8 |  8.0
Shields        | 2 4 5 8 9 |  9.1
Dodging        | 3 5 |  5.0
Stealth        | |  0.7

Action                   |  1- 3 |  4- 6 |  7- 9 | 10-12 | 13-15 || total
-------------------------+-------+-------+-------+-------+-------++-------
Melee: Whip              |    77 |       |       |       |       ||    77
       Headbutt          |    13 |     7 |    61 |    89 |    19 ||   189
       Spear             |    19 |    68 |   325 |   325 |       ||   737
       Scythe            |       |       |       |    58 |   100 ||   158
Throw: Javelin           |     6 |    21 |    17 |    30 |     9 ||    83
       Throwing net      |       |     2 |       |     1 |       ||     3
       Boomerang         |       |       |     2 |    73 |    34 ||   109
Invok: Heroism           |       |       |     3 |     6 |     7 ||    16
       Finesse           |       |       |       |     2 |     3 ||     5
  Use: Potion            |       |     1 |       |       |       ||     1
       Scroll            |       |       |    14 |     8 |     1 ||    23
 Stab: Held in net/web   |       |       |       |     2 |       ||     2
       Distracted        |       |       |       |       |     1 ||     1
Armor: Chain mail        |    61 |    17 |    88 |   157 |    34 ||   357
       Plate armour      |       |       |     9 |       |       ||     9
Dodge: Dodged            |    40 |    17 |    78 |   116 |    41 ||   292
Block: Buckler           |       |       |    33 |    52 |       ||    85

Table legend: (Time is in decaauts)
 A = Elapsed time spent in this place.
 B = Non-inter-level travel time spent in this place.
 C = Inter-level travel time spent in this place.
 D = Time resting spent in this place.
 E = Time spent auto-exploring this place.
 F = Levels seen in this place.
 G = Mean time per level.
                   A        B        C        D        E       F      G
               +--------+--------+--------+--------+--------+-----+--------+
         Total |  17690 |  15910 |   1780 |   3155 |  10162 |  14 | 1263.6 |
       Dungeon |   9726 |   8615 |   1111 |   1431 |   5613 |   8 | 1215.8 |
          Lair |   7964 |   7295 |    669 |   1724 |   4549 |   6 | 1327.3 |
               +--------+--------+--------+--------+--------+-----+--------+

Top non-repeatable levels by time:
  Lair:3: 2167 daAuts
     D:8: 1751 daAuts
  Lair:2: 1644 daAuts
  Lair:5: 1546 daAuts
     D:6: 1474 daAuts
     D:5: 1416 daAuts
  Lair:4: 1375 daAuts
     D:2: 1166 daAuts
     D:4: 1079 daAuts
     D:1: 995 daAuts
     D:3: 934 daAuts
     D:7: 907 daAuts
  Lair:1: 883 daAuts
  Lair:6: 348 daAuts
